 Dungeon Crawl Stone Soup version 0.30-a0-845-g7c6808c8ce (webtiles) character file.

Game seed: 7326313800001909227

92 cforsyth the Sneak (level 4, -1/28 HPs)
             Began as a Kobold Brigand on Mar 3, 2023.
             Slain by an orc
             ... wielding a +0 hand axe
              (3 damage)
             ... on level 3 of the Dungeon.
             The game lasted 00:02:58 (2576 turns).

cforsyth the Sneak (Kobold Brigand)                 Turns: 2576, Time: 00:02:59

Health: -1/28      AC:  4    Str:  8    XL:     4   Next: 90%
Magic:  4/4        EV: 15    Int: 12    God:
Gold:   114        SH:  0    Dex: 18    Spells: 3/3 levels left

rFire   . . .      SeeInvis .    a - +2 dagger
rCold   . . .      Faith    .    (no shield)
rNeg    . . .      Spirit   .    b - +0 robe
rPois   .          Reflect  .    (no helmet)
rElec   .          Rampage  .    c - +0 cloak
rCorr   .                        (no gloves)
Will    .....                    g - +0 pair of boots
Stlth   ++++                     (no amulet)
HPRegen 0.24/turn                (no ring)
MPRegen 0.09/turn                (no ring)

@: no status effects
A: small, no large weapons, nightstalker 3
a: no special abilities


You were on level 3 of the Dungeon.
You visited 1 branch of the dungeon, and saw 3 of its levels.

You collected 114 gold pieces.

Inventory:

Hand Weapons
 a - a +2 dagger (weapon)
Missiles
 d - 14 poisoned darts (quivered)
 e - 3 curare-tipped darts
Armour
 b - a +0 robe (worn)
 c - a +0 cloak (worn)
 g - a +0 pair of boots (worn)
Scrolls
 h - a scroll of identify {unknown}
 j - a scroll of poison {unknown}
 k - a scroll of noise {unknown}
 m - a scroll of summoning {unknown}
 o - 2 scrolls of immolation {unknown}
 q - 3 scrolls of teleportation {unknown}
 s - a scroll of enchant armour {unknown}
 t - a scroll of fear {unknown}
Potions
 f - 3 potions of berserk rage
 i - 3 potions of attraction {unknown}
 l - a potion of cancellation {unknown}
 n - a potion of haste {unknown}
 p - a potion of might {unknown}
 r - 2 potions of flight {unknown}
 u - a potion of brilliance {unknown}
 v - a potion of curing {unknown}


   Skills:
 + Level 3.1 Fighting
 + Level 3.9 Short Blades
 - Level 2.1 Throwing
 + Level 2.7 Dodging
 + Level 6.1 Stealth


You had 3 spell levels left.
You didn't know any spells.
Your spell library contained the following spells:

 Spells                   Type           Power      Damage    Failure   Level
 Inner Flame              Hex/Fire       0%         N/A       69%         3
 Flame Wave               Conj/Fire      0%         2d4       97%         4
 Sticky Flame             Conj/Fire      0%         2d3       97%         4


Dungeon Overview and Level Annotations

Branches:
Dungeon (3/15)

Altars:
Kikubaaqudgha


Innate Abilities, Weirdness & Mutations

You are small and have problems with some larger weapons.
You are completely attuned to the shadows.


Message History

You hit the orc.
The orc is moderately wounded.
The orc hits you with a +0 hand axe.
You hit the orc but do no damage.
The orc is moderately wounded.
The orc hits you with a +0 hand axe.
You hit the orc but do no damage.
The orc is moderately wounded.
The orc misses you. x2
You hit the orc.
The orc is almost dead.
The orc closely misses you. x2
You hit the orc but do no damage.
The orc is almost dead.
You hit the orc but do no damage.
The orc is almost dead.
The orc closely misses you. The orc hits you with a +0 hand axe.
You hit the orc but do no damage.
The orc is almost dead.
The orc closely misses you. The orc hits you with a +0 hand axe!
You are too injured to fight recklessly!
You are too injured to fight recklessly!
You are too injured to fight recklessly!
You are too injured to fight recklessly!
You are too injured to fight recklessly!
You are too injured to fight recklessly!
You are too injured to fight recklessly!
You are too injured to fight recklessly!
There are monsters nearby!
The orc attacks as you move away! The orc hits you but does no damage.
The orc attacks as you move away! The orc hits you with a +0 war axe!
* * * LOW HITPOINT WARNING * * *
Found an ancient bone altar of Kikubaaqudgha.
Unknown command.
There is a stone staircase leading up here.
The orc attacks as you move away! The orc completely misses you.
The orc hits you with a +0 war axe.
* * * LOW HITPOINT WARNING * * *
The orc attacks as you move away! The orc hits you with a +0 hand axe.
You die...

########## #####
#........#####...#
#..............#>#
####.....##########.#
#### #........#
#....##.####..#
#.##.....#
#._...........#
..##.....#
#.............#
##.#.....##
##@......####
...#...... #.oo.....#
......... ##.<.....#
.....##.# #.......#
...#..#.####
#.......#
......(.....
###....#####
....#..)..##
##........
......#...# #........
###...##....
#........


You could see 2 orcs.

Vanquished Creatures
  Jessica (D:2)
  A gnoll (D:1)
  3 dart slugs
  6 orcs
  4 ball pythons
  An endoplasm (D:3)
  2 giant cockroaches
  2 hobgoblins
  4 jackals (D:2)
  A quokka (D:1)
  3 bats (D:1)
  5 frilled lizards
  3 goblins
  6 kobolds
  2 rats (D:1)
44 creatures vanquished.

Notes
Turn   | Place    | Note
-------+----------+-------------------------------------------
     0 | D:1      | cforsyth the Kobold Brigand began the quest for the Orb.
     0 | D:1      | Reached XP level 1. HP: 12/12 MP: 1/1
   163 | D:1      | Reached XP level 2. HP: 18/18 MP: 2/2
   452 | D:1      | Reached XP level 3. HP: 22/22 MP: 3/3
  1147 | D:2      | Noticed Jessica
  1151 | D:2      | Killed Jessica
  1152 | D:2      | Reached XP level 4. HP: 27/27 MP: 4/4
  1368 | D:2      | Reached skill level 6 in Stealth
  1855 | D:3      | HP: 1/28 [orc/+0 hand axe (5)]
  2572 | D:3      | Found an ancient bone altar of Kikubaaqudgha.
  2576 | D:3      | Slain by an orc

Illustrated notes

Levels and vault maps discovered:
D:1:      wander_arrival_peaceful_grave, layout_basic,
          ebering_dispersal_statue_hall, chequers_arboretum,
          minmay_misc_feat_doors, minmay_3d_cube
D:2:      layout_basic, fountainhead, kennysheep_another_room,
          minmay_misc_feat_diagonals, uniq_jessica
D:3:      layout_rooms, tgw_kikubaaqudgha, nicolae_ru_great_annihilating_truth,
          basic_ecumenical_altar

Skill      XL: |  1  2  3  4 |
---------------+-------------+-----
Short Blades   | 3 |  3.9
Dodging        | 2 |  2.7
Fighting       | 3 |  3.1
Stealth        | 6 |  6.1
Throwing       | |  2.1

Action                     |  1- 3 |  4- 6 || total
---------------------------+-------+-------++-------
  Melee: Dagger            |    47 |    73 ||   120
         Punch             |     1 |     1 ||     2
   Stab: Sleeping          |    16 |     5 ||    21
 Armour: Robe              |     4 |    11 ||    15
  Dodge: Dodged            |    21 |    60 ||    81

Table legend: (Time is in decaauts)
 A = Elapsed time spent in this place.
 B = Non-inter-level travel time spent in this place.
 C = Inter-level travel time spent in this place.
 D = Time resting spent in this place.
 E = Time spent auto-exploring this place.
 F = Levels seen in this place.
 G = Mean time per level.
                   A        B        C        D        E       F      G
               +--------+--------+--------+--------+--------+-----+--------+
         Total |   2558 |   2439 |    119 |    546 |   1556 |   3 |  852.7 |
       Dungeon |   2558 |   2439 |    119 |    546 |   1556 |   3 |  852.7 |
               +--------+--------+--------+--------+--------+-----+--------+

Top non-repeatable levels by time:
     D:2: 1248 daAuts
     D:1: 1038 daAuts
     D:3: 272 daAuts
